 Dungeon Crawl Stone Soup version 0.29-a0-670-g5ff2a30383 (webtiles) character file.

Game seed: 16857181388106391450

1598 Gargoyl the Chopper (level 8, 38/51 HPs)
             Began as a Gargoyle Berserker on June 24, 2022.
             Was a Priest of Trog.
             Quit the game on level 4 of the Dungeon.
             The game lasted 00:06:52 (5115 turns).

Gargoyl the Chopper (Gargoyle Berserker)            Turns: 5115, Time: 00:06:53

Health: 38/51      AC: 20    Str: 22    XL:     8   Next: 94%
Magic:  8/8        EV:  7    Int:  7    God:    Trog [***...]
Gold:   209        SH:  0    Dex: 11    Spells: 7/7 levels left

rFire   . . .      SeeInvis .   n - +0 war axe (freeze)
rCold   . . .      Faith    .   (no shield)
rNeg    + . .      Spirit   .   h - +0 plate armour
rPois   ∞          Reflect  .   k - +1 helmet
rElec   +          Harm     .   (no cloak)
rCorr   .          Rampage  .   (no gloves)
Will    .....                   (no boots)
Stlth   ..........              (no amulet)
HPRegen 0.17/turn               (no ring)
MPRegen 0.11/turn               (no ring)

@: no status effects
A: sickness immunity, AC +5, negative energy resistance 1, electricity
resistance, torment resistance 1, petrification resistance
a: Renounce Religion, Berserk, Trog's Hand


You were on level 4 of the Dungeon.
You worshipped Trog.
Trog was most pleased with you.
You visited 1 branch of the dungeon, and saw 5 of its levels.

You collected 248 gold pieces.
You spent 39 gold pieces at shops.

Inventory:

Hand Weapons
 a - a +1 vorpal hand axe
 i - a +4 trident
 n - a +0 war axe of freezing (weapon)
Missiles
 g - 6 poisoned darts (quivered)
Armour
 h - a +0 plate armour (worn)
 k - a +1 helmet (worn)
Scrolls
 d - 3 scrolls of teleportation
 m - 3 scrolls of identify
Potions
 b - 2 potions of cancellation
 c - a potion of might
 f - a potion of curing {unknown}
 j - a potion of degeneration {unknown}
 l - 2 potions of heal wounds {unknown}
 o - a potion of mutation {unknown}
 p - 2 potions of lignification {unknown}


   Skills:
 + Level 6.0 Fighting
 + Level 7.7 Axes
 + Level 0.4 Throwing
 + Level 6.2 Armour
 + Level 2.6 Dodging
 + Level 0.3 Stealth


You had 7 spell levels left.
You didn't know any spells.
Your spell library was empty.

Dungeon Overview and Level Annotations

Branches:
Dungeon (5/15)
 Temple: D:4-7

Altars:
Gozag
Zin

Shops:
D:3 ?


Innate Abilities, Weirdness & Mutations

You are immune to sickness and miasma.
Your stone body is resilient. (AC +5)
You are immune to poison.
You resist negative energy. (rN+)
You are resistant to electric shocks. (rElec)
You are resistant to unholy torment.
You are immune to petrification.


Message History

You miss the water moccasin. Your punch misses the water moccasin.
The water moccasin is severely wounded.
The water moccasin is no longer moving slowly.
The water moccasin bites you but does no damage.
You slash the water moccasin! You freeze the water moccasin.
You kill the water moccasin!
Trog accepts your kill.
Your Fighting skill increases to level 6!
You see here a water moccasin corpse.
Search for what [Enter for "axe", or ? for help]? alta You see here a water moccasin corpse.
You see here a +0 scale mail.
Things that are here:
a +0 robe; a +1 whip of flaming
Things that are here:
a +2 robe of willpower; a +0 hand axe; the orc skeleton of Blork the orc
Found a pair of gloves.
There is a stone staircase leading up here.
You climb upwards.
There is a stone staircase leading down here.
There is an opulent altar of Gozag here.
You kneel at the altar of Gozag.
You don't know any spells.
Unknown command.
Press < or > to pray at altars.
You don't know any spells.
You don't know any spells.
You don't know any spells.
You don't know any spells.
You don't know any spells.
You don't know any spells.
Welcome back, Gargoyl the Gargoyle Berserker.
Trog says: Kill them all!
Press ? for a list of commands and other information.
You don't know any spells.
Welcome back, Gargoyl the Gargoyle Berserker.
Trog says: Kill them all!
Press ? for a list of commands and other information.
You don't know any spells.
Are you sure you want to abandon this character and quit the game? (Confirm with "yes".)

###...#..#...#.....#......
##[....#..#...###.####.....
#......##...>########....#.
###..####.............#..##
#............#.....#...#
###....♣♣.♣♣...##...##..##
###.#..♣..♣.♣..♣..#..####.##
#......♣♣.....♣♣....##......
##.........@.........##....#
##>...♣♣.....♣♣....###.....
#.....♣..♣.♣..♣...(###.#...
##.##...♣♣.♣♣.......#..#...
#####.....................
##.....................
#...................###
##..#.................#
#..#.###.##...........


There were no monsters in sight!

Vanquished Creatures
  Pikel (D:5)
  2 water moccasins
  Duvessa (D:5)
  An ice beast (D:5)
  An ogre (D:5)
  Blork the orc (D:5)
  4 scorpions
  Dowan (D:5)
  2 hounds
  3 orc priests
  An iguana (D:4)
  4 gnolls (D:3)
  2 adders
  A white imp (D:5)
  An ufetubus (D:4)
  4 worms
  5 dart slugs
  11 orcs
  10 endoplasms
  8 goblins
  9 hobgoblins
  5 kobolds
  6 quokkas
  11 ball pythons
  9 bats
  2 frilled lizards
  4 rats
110 creatures vanquished.

Notes
Turn   | Place    | Note
-------+----------+-------------------------------------------
     0 | D:1      | Gargoyl the Gargoyle Berserker began the quest for the Orb.
     0 | D:1      | Reached XP level 1. HP: 14/14 MP: 1/1
   226 | D:1      | Reached XP level 2. HP: 12/19 MP: 2/2
   377 | D:1      | Reached skill level 3 in Axes
   455 | D:1      | Found a faded altar of an unknown god.
   771 | D:1      | Reached XP level 3. HP: 21/24 MP: 3/3
   935 | D:1      | Reached ** piety under Trog
  1661 | D:2      | You fall into a shaft and drop 1 floor!
  1711 | D:3      | Reached XP level 4. HP: 29/29 MP: 4/4
  1759 | D:3      | Found a glowing silver altar of Zin.
  1834 | D:3      | Reached XP level 5. HP: 26/33 MP: 5/5
  2251 | D:3      | Reached skill level 4 in Axes
  3070 | D:3      | Found Ofien's Magic Scroll Emporium.
  3079 | D:3      | Bought a scroll of teleportation for 39 gold pieces
  3278 | D:4      | Found an opulent altar of Gozag.
  3442 | D:4      | Reached XP level 6. HP: 18/39 MP: 6/6
  3704 | D:4      | Noticed a water moccasin
  3709 | D:4      | Killed a water moccasin
  3756 | D:4      | Reached skill level 5 in Axes
  3761 | D:4      | Reached XP level 7. HP: 18/44 MP: 7/7
  4399 | D:5      | Entered Level 5 of the Dungeon
  4402 | D:5      | Reached *** piety under Trog
  4472 | D:5      | Noticed Duvessa
  4491 | D:5      | Killed Duvessa
  4492 | D:5      | Reached skill level 5 in Fighting
  4492 | D:5      | Reached skill level 6 in Axes
  4492 | D:5      | Reached skill level 5 in Armour
  4493 | D:5      | Noticed Dowan
  4500 | D:5      | Killed Dowan
  4604 | D:5      | Reached XP level 8. HP: 40/50 MP: 8/8
  4740 | D:5      | Noticed Blork the orc
  4746 | D:5      | Killed Blork the orc
  4827 | D:5      | Noticed Pikel
  4841 | D:5      | Killed Pikel
  4842 | D:5      | Reached skill level 7 in Axes
  5115 | D:4      | Quit the game

Illustrated notes

Levels and vault maps discovered:
D:1:      kennysheep_arrival_seaside, layout_basic,
          shapermc_ecumenical_altar_rom_forum, st_stairs_11, minmay_hedge_maze,
          minmay_tiny_reverse_x
D:2:      layout_basic
D:3:      layout_basic, zin_academy, cheibrodos_sewer_entry_drain, serial_shops,
          nicolae_lakefront_shop
D:4:      layout_cave_pools, mainiacjoe_overflow_small_starburst
D:5:      layout_loops_ring, mainiacjoe_overflow_24_doors, uniq_duvessa,
          uniq_blork_the_orc, uniq_pikel

Skill      XL: |  1  2  3  4  5  6  7  8 |
---------------+-------------------------+-----
Axes           | 3 4 5 6 7 |  7.7
Fighting       | 4 5 6 |  6.0
Dodging        | 2 |  2.6
Armour         | 3 4 5 6 |  6.2
Throwing       | |  0.4
Stealth        | |  0.3

Action                   |  1- 3 |  4- 6 |  7- 9 || total
-------------------------+-------+-------+-------++-------
Melee: Hand axe          |   120 |    79 |       ||   199
       Punch             |     1 |       |     2 ||     3
       War axe           |       |    44 |    93 ||   137
Throw: Dart              |       |       |     2 ||     2
Invok: Berserk           |       |     2 |       ||     2
       Trog's Hand       |       |     2 |       ||     2
  Use: Scroll            |     3 |     4 |     3 ||    10
       Potion            |       |       |     2 ||     2
Armor: Ring mail         |    48 |       |       ||    48
       Plate armour      |    28 |   102 |    75 ||   205
Dodge: Dodged            |    76 |    55 |    38 ||   169

Table legend: (Time is in decaauts)
 A = Elapsed time spent in this place.
 B = Non-inter-level travel time spent in this place.
 C = Inter-level travel time spent in this place.
 D = Time resting spent in this place.
 E = Time spent auto-exploring this place.
 F = Levels seen in this place.
 G = Mean time per level.
                   A        B        C        D        E       F      G
               +--------+--------+--------+--------+--------+-----+--------+
         Total |   5203 |   4793 |    410 |      0 |   3752 |   5 | 1040.6 |
       Dungeon |   5203 |   4793 |    410 |      0 |   3752 |   5 | 1040.6 |
               +--------+--------+--------+--------+--------+-----+--------+

Top non-repeatable levels by time:
     D:1: 1612 daAuts
     D:3: 1221 daAuts
     D:4: 1187 daAuts
     D:5: 720 daAuts
     D:2: 462 daAuts
